 Dungeon Crawl Stone Soup version 0.29-a0-542-g075992c915 (webtiles) character file.

Game seed: 12332634124756337435

165 xian the Conjurer (level 5, 0/38 HPs)
             Began as a Draconian Conjurer on June 4, 2022.
             Killed from afar by an orc wizard (2 damage)
             ... with a puff of flame
             ... on level 3 of the Dungeon.
             The game lasted 00:06:29 (3223 turns).

xian the Conjurer (Draconian Conjurer)              Turns: 3223, Time: 00:06:30

Health: 0/38       AC:  8    Str: 10    XL:     5   Next: 21%
Magic:  2/9        EV: 12    Int: 20    God:
Gold:   180        SH:  0    Dex:  9    Spells: 6/9 levels left

rFire   . . .      SeeInvis .   f - +0 dagger
rCold   . . .      Faith    .   (no shield)
rNeg    . . .      Spirit   .   (body armour unavailable)
rPois   .          Reflect  .   (helmet restricted)
rElec   .          Harm     .   (no cloak)
rCorr   .          Rampage  .   (no gloves)
Will    .....                   b - +2 pair of boots
Stlth   ++........              (no amulet)
HPRegen 0.12/turn               (no ring)
MPRegen 0.11/turn               (no ring)

@: no status effects
A: AC +5, unfitting armour, cold-blooded
a: no special abilities


You were on level 3 of the Dungeon.
You visited 1 branch of the dungeon, and saw 3 of its levels.

You collected 180 gold pieces.

Inventory:

Hand Weapons
 f - a +0 dagger (weapon)
Missiles
 g - 2 javelins
Armour
 b - a +2 pair of boots (worn)
Potions
 a - a potion of magic
 c - 2 potions of heal wounds {unknown}
 d - a potion of curing
 e - a potion of lignification
 h - a potion of resistance {unknown}
 i - a potion of degeneration {unknown}


   Skills:
 + Level 0.2 Fighting
 + Level 1.5 Maces & Flails
 + Level 2.7 Dodging
 + Level 2.1 Stealth
 + Level 2.7 Spellcasting
 + Level 5.2 Conjurations


You had 6 spell levels left.
You knew the following spells:

 Your Spells              Type           Power      Damage    Failure   Level
a - Magic Dart            Conj           92%        1d7       1%          1
b - Searing Ray           Conj           46%        2d6       2%          2

Your spell library contained the following spells:

 Spells                   Type           Power      Damage    Failure   Level
 Dazzling Flash           Conj/Hex       26%        N/A       16%         3
 Fulminant Prism          Conj/Hex       6%         3d7       45%         4
 Iskenderun's Mystic Bla  Conj/Tloc      13%        2d5       45%         4


Dungeon Overview and Level Annotations

Branches:
Dungeon (3/15)

Altars:


Innate Abilities, Weirdness & Mutations

Your plain brown scales are hard. (AC +5)
You cannot fit into any form of body armour.
You are cold-blooded and may be slowed by cold attacks.


Message History

The orc is severely wounded.
The orc wizard closely misses you. The orc completely misses you.
You hit the orc but do no damage.
The orc is severely wounded.
The orc wizard hits you but does no damage.
The orc hits you with a +0 mace.
* * * LOW HITPOINT WARNING * * *
You barely miss the orc.
The orc is severely wounded.
The orc wizard barely misses you. The orc hits you with a +0 mace.
* * * LOW HITPOINT WARNING * * *
You hit the orc but do no damage.
The orc is severely wounded.
The orc wizard completely misses you. The orc closely misses you.
You hit the orc.
The orc is almost dead.
The orc wizard hits you with a +0 dagger.
* * * LOW HITPOINT WARNING * * *
The orc misses you.
You hit the orc but do no damage.
The orc is almost dead.
The orc wizard gestures wildly while chanting.
The orc wizard flickers and vanishes!
Deactivating autopickup; reactivate with Ctrl-A.
The orc closely misses you.
You barely miss the orc.
The orc is almost dead.
You hear some strange, mumbled words.
A magic dart appears from out of thin air!
The magic dart hits you but does no damage.
The orc barely misses you.
You hit the orc.
You kill the orc!
Something hits you but does no damage. Something hits you but does no damage.
Items here: )) [ †.
You hear some strange, mumbled words.
A puff of flame appears from out of thin air!
The puff of flame hits you.
You die...

###.#
$..oo..)# #
#.# #.# #
#.##### #(#
#.....## #.#
#####...####
#.#
#.....#....#
#.#
#.###...##.#
#.# ##(###.#
#.# #.# #.#
#@# #.###.##
#.#
#.##...###{#
#.......†).#
#.##...#####
#.###.## .#
#.# #.#
#.####.###.#
##....†.....#


There were no monsters in sight!

Vanquished Creatures
  A hound (D:3)
  A gnoll (D:1)
  6 adders (D:2)
  2 worms
  A dart slug (D:1)
  4 orcs (D:3)
  6 endoplasms
  6 giant cockroaches
  7 goblins
  4 hobgoblins
  3 quokkas
  2 ball pythons
  2 bats (D:1)
  A frilled lizard (D:2)
  7 kobolds
  3 rats
56 creatures vanquished.

Notes
Turn   | Place    | Note
-------+----------+-------------------------------------------
     0 | D:1      | xian the Draconian Conjurer began the quest for the Orb.
     0 | D:1      | Reached XP level 1. HP: 14/14 MP: 3/3
    43 | D:1      | Found a faded altar of an unknown god.
   366 | D:1      | Reached XP level 2. HP: 14/20 MP: 1/5
   792 | D:1      | Reached XP level 3. HP: 26/26 MP: 6/6
   797 | D:1      | Learned a level 2 spell: Searing Ray
  1462 | D:3      | Reached skill level 1 in Maces & Flails
  1462 | D:3      | Reached XP level 4. HP: 22/33 MP: 1/7
  2227 | D:2      | Reached skill level 5 in Conjurations
  2446 | D:2      | Reached XP level 5. HP: 38/38 MP: 3/8
  3217 | D:3      | HP: 1/38 [orc wizard/+0 dagger (3)]
  3223 | D:3      | Killed from afar by an orc wizard

Illustrated notes

Levels and vault maps discovered:
D:1:      lightli_arrival_lavapool, layout_loops_ring, basic_ecumenical_altar
D:2:      minmay_angry_zag, layout_basic
D:3:      layout_loops_ring, chequers_serial_rivers_room_b, nrook_mini_backslash

Skill      XL: |  1  2  3  4 |
---------------+-------------+-----
Dodging        | 2 |  2.7
Maces & Flails | 1 |  1.5
Stealth        | 2 |  2.1
Conjurations   | 5 |  5.2
Fighting       | |  0.2
Spellcasting   | |  2.7

Action                   |  1- 3 |  4- 6 || total
-------------------------+-------+-------++-------
Melee: Club              |    89 |     3 ||    92
       Tailslap          |    15 |     4 ||    19
       Unarmed           |     6 |       ||     6
       Punch             |     3 |       ||     3
       Dagger            |       |    33 ||    33
 Cast: Magic Dart        |    31 |    77 ||   108
       Searing Ray       |     2 |     3 ||     5
  Use: Scroll            |     3 |     4 ||     7
 Stab: Sleeping          |     1 |       ||     1
Armor: Skin              |    66 |    30 ||    96
Dodge: Dodged            |    89 |    29 ||   118

Table legend: (Time is in decaauts)
 A = Elapsed time spent in this place.
 B = Non-inter-level travel time spent in this place.
 C = Inter-level travel time spent in this place.
 D = Time resting spent in this place.
 E = Time spent auto-exploring this place.
 F = Levels seen in this place.
 G = Mean time per level.
                   A        B        C        D        E       F      G
               +--------+--------+--------+--------+--------+-----+--------+
         Total |   3251 |   3210 |     41 |    364 |   2226 |   3 | 1083.7 |
       Dungeon |   3251 |   3210 |     41 |    364 |   2226 |   3 | 1083.7 |
               +--------+--------+--------+--------+--------+-----+--------+

Top non-repeatable levels by time:
     D:2: 1422 daAuts
     D:1: 1330 daAuts
     D:3: 498 daAuts
